 Dungeon Crawl Stone Soup version 0.22-a0-284-g99d1f74 (webtiles) character file.

11641 Azzok the Fighter (level 11, -21/110 HPs)
             Began as a Minotaur Fighter on Mar 20, 2018.
             Was a High Priest of Okawaru.
             Killed from afar by Fannar (24 damage)
             ... with a bolt of cold
             ... on level 11 of the Dungeon.
             The game lasted 00:24:27 (11853 turns).

Azzok the Fighter (Minotaur Fighter)               Turns: 11853, Time: 00:24:28

Health: -21/110    AC: 21    Str: 21    XL:     11   Next: 52%
Magic:  13/15      EV: 25    Int:  8    God:    Okawaru [*****.]
Gold:   273        SH:  0    Dex: 13    Spells: 10/10 levels left

rFire    + . .     SeeInvis +   e - +2 falchion (holy)
rCold    . . .     Gourm    .   (no shield)
rNeg     . . .     Faith    .   J - +8 chain mail of the Onion {SInv}
rPois    .         Spirit   .   (helmet restricted)
rElec    .         Reflect  .   (no cloak)
rCorr    .         Harm     .   k - +0 pair of gloves
MR       .....                  F - +0 pair of boots (curse)
Stlth    ..........             N - amulet of the acrobat
HPRegen  0.28/turn              Q - +3 ring of dexterity
MPRegen  0.14/turn              G - ring of protection from fire

@: heroism
A: retaliatory headbutt, horns 2
a: Heroism, Finesse, Renounce Religion


You were on level 11 of the Dungeon.
You worshipped Okawaru.
Okawaru was extremely pleased with you.
You were not hungry.

You visited 2 branches of the dungeon, and saw 12 of its levels.
You also visited: Ossuary.

You collected 501 gold pieces.
You spent 228 gold pieces at shops.

Inventory:

Hand Weapons
 e - a +2 falchion of holy wrath (weapon)
 u - a +1 short sword of draining
 L - a +0 shortbow of freezing
Missiles
 o - 284 arrows
Armour
 c - a +0 shield
 k - a +0 pair of gloves (worn)
 F - a cursed +0 pair of boots (worn)
 J - the +8 chain mail of the Onion (worn) {SInv}
   (You bought it in a shop on level 6 of the Dungeon)

   It lets you see invisible.
Jewellery
 p - an uncursed ring of flight
 G - a ring of protection from fire (right hand)
 N - an amulet of the acrobat (around neck)
 Q - a +3 ring of dexterity (left hand)
 R - an uncursed ring of protection from fire
Wands
 B - a wand of paralysis (18)
 O - a wand of digging (14)
Scrolls
 g - 4 scrolls of identify
 i - a scroll of magic mapping
 l - 4 scrolls of enchant armour
 m - 8 scrolls of teleportation {unknown}
 v - 2 scrolls of fog {unknown}
 w - 4 scrolls of enchant weapon {unknown}
 A - a scroll of torment {unknown}
 C - 3 scrolls of amnesia {unknown}
 E - a scroll of fear {unknown}
 H - 3 scrolls of vulnerability {unknown}
 K - 2 scrolls of remove curse
 M - a scroll of blinking
 P - a scroll of random uselessness {unknown}
Potions
 a - a potion of lignification {unknown}
 b - a potion of haste {unknown}
 d - 2 potions of degeneration {unknown}
 h - a potion of mutation {unknown}
 j - 3 potions of heal wounds {unknown}
 n - 4 potions of agility {unknown}
 q - 2 potions of brilliance {unknown}
 r - 2 potions of ambrosia
 s - a potion of berserk rage {unknown}
 t - 3 potions of flight {unknown}
 x - a potion of magic {unknown}
 z - a potion of resistance {unknown}
 I - a potion of cancellation {unknown}
 S - a potion of curing
Comestibles
 f - 25 rations


   Skills:
 - Level 14.2(19.2) Fighting
 - Level 2.4(7.4) Long Blades
 * Level 12.9(17.9) Bows
 - Level 3.6(8.6) Armour
 - Level 3.6(8.6) Shields
 + Level 6.8 Invocations


You had 10 spell levels left.
You didn't know any spells.

Dungeon Overview and Level Annotations

Branches:
Dungeon (11/15)            Temple (1/1) D:7            Lair (0/6) D:8
    Orc (0/2) D:10

Altars:
Ashenzari
Cheibriados
Elyvilon
Fedhas
Hepliaklqana
Makhleb
Nemelex Xobeh
Okawaru
Ru
Uskayaw
Wu Jian
Zin
The Shining One

Shops:
D:6 *   D:9 !

Annotations:
D:9 Maurice
D:11 Fannar


Innate Abilities, Weirdness & Mutations

You reflexively headbutt those who attack you in melee.
You have a pair of horns on your head.


Message History

* * * LOW HITPOINT WARNING * * *
The ice beast freezes you!
* * * LOW HITPOINT WARNING * * *
Fannar casts a spell.
Fannar drains the heat from the surrounding environment!
You feel very cold.
* * * LOW HITPOINT WARNING * * *
Fannar is frozen.
Fannar resists.
Fannar is severely wounded.
You hit the ice beast. You headbutt the ice beast!
The ice beast is severely wounded.
The ice beast barely misses you.
The ice beast hits you but does no damage.
You slash the ice beast!
You kill the ice beast!
The ice beast hits you but does no damage.
Fannar gestures at you while chanting.
The bolt of cold hits the ice beast.
The ice beast completely resists.
The bolt of cold hits you!
You die...

··· ···· ···(·
▒▒▒▒▒e·····
▒))(c·T····
▒·····
▒e▒▒▒·%····
▒·····▒ ▒Y▒
·c·c· ╬·····╬
▒(▒ ····
▒·····▒▒▒▒▒▒▒@▒
·c·
▒·····▒▒······▒
··
▒·····▒▒·▒▒▒▒▒▒
· ▒·····▒▒<▒
▒········▒
▒▒▒▒▒·▒▒▒▒ ▒·▒
▒·▒ ▒·▒


You could see Fannar and an ice beast.

Vanquished Creatures
  The ghost of Azzok the Fighter, a journeyman MiFi of Okawaru (D:10)
  2 two-headed ogres (D:9)
  The ghost of Azzok the Fighter, a novice MiFi (D:7)
  Pikel (D:9)
  Joseph (D:8)
  A troll (D:11)
  The ghost of galech the Chopper, an amateur HuMo (D:4)
  Grinder (D:4)
  A hornet (D:9)
  3 hippogriffs
  Sigmund (D:4)
  6 yaks (D:10)
  A spriggan (D:7)
  A wyvern (D:9)
  2 wargs (D:7)
  A water moccasin (D:8)
  2 sky beasts
  4 orc warriors
  2 ice beasts
  A black bear (D:10)
  A phantom (D:5)
  12 centaurs
  An eye of draining (D:7)
  5 ogres
  4 bullfrogs
  9 scorpions
  A water moccasin skeleton (D:8)
  6 killer bees (D:9)
  The ghost of grindst0ne the Skirmisher, a weakling DsCK of Xom (D:3)
  2 lava snakes (D:9)
  3 crimson imps
  2 howler monkeys
  2 centaur zombies
  3 hounds
  A quasit (D:10)
  7 orc priests
  3 centaur skeletons
  Ijyb (D:4)
  Terence (D:2)
  9 iguanas
  5 orc wizards
  7 worker ants
  2 big kobold zombies (Ossuary)
  3 hound skeletons
  3 hound zombies
  3 mummies (Ossuary)
  4 gnolls (D:3)
  3 howler monkey skeletons (D:4)
  4 scorpion zombies (Ossuary)
  10 adders
  An ooze (D:2)
  3 adder skeletons
  A worm (D:3)
  A dart slug (D:3)
  6 leopard geckos
  44 orcs
  2 ball pythons
  5 bats
  2 giant cockroaches
  7 goblins
  3 hobgoblins
  17 jackals
  6 quokkas
  4 frilled lizards
  2 gnoll zombies (Ossuary)
  2 goblin zombies (Ossuary)
  A hobgoblin zombie (Ossuary)
  A jackal zombie (D:7)
  6 kobolds
  2 kobold zombies (Ossuary)
  A leopard gecko zombie (D:5)
  An orc zombie (Ossuary)
  A quokka skeleton (D:6)
  A quokka zombie (D:5)
272 creatures vanquished.

Vanquished Creatures (others)
  3 slaves (D:9)
  A phantom (D:9)
  A bullfrog (D:9)
  A jelly (D:9)
  An orc (D:9)
7 creatures vanquished.

Grand Total: 279 creatures vanquished

Notes
Turn   | Place    | Note
-------+----------+-------------------------------------------
     0 | D:1      | Azzok the Minotaur Fighter began the quest for the Orb.
     0 | D:1      | Reached XP level 1. HP: 19/19 MP: 0/0
    88 | D:1      | Reached skill level 4 in Fighting
   152 | D:1      | Reached XP level 2. HP: 27/28 MP: 1/1
   562 | D:2      | You fall through a shaft!
   590 | D:3      | Found a faded altar of an unknown god.
   621 | D:3      | Reached skill level 5 in Fighting
   632 | D:3      | Reached XP level 3. HP: 34/36 MP: 2/2
   884 | D:3      | Noticed grindst0ne's ghost (weakling DsCK)
   898 | D:3      | Killed grindst0ne's ghost
   898 | D:3      | Reached skill level 6 in Fighting
   898 | D:3      | Reached XP level 4. HP: 41/44 MP: 3/3
   984 | D:2      | Found a hazy altar of Hepliaklqana.
  1088 | D:2      | Noticed Terence
  1098 | D:2      | Killed Terence
  1098 | D:2      | Reached skill level 7 in Fighting
  1098 | D:2      | Reached XP level 5. HP: 52/52 MP: 4/4
  1328 | D:3      | Found a snail-covered altar of Cheibriados.
  1678 | D:4      | Found a sand-covered staircase.
  1686 | Ossuary  | Entered an ossuary
  1706 | Ossuary  | Reached skill level 8 in Fighting
  1722 | Ossuary  | Reached XP level 6. HP: 43/61 MP: 5/5
  1872 | Ossuary  | Reached skill level 9 in Fighting
  2113 | Ossuary  | Reached XP level 7. HP: 58/70 MP: 6/6
  2185 | Ossuary  | Reached skill level 10 in Fighting
  2877 | D:4      | Found a glowing silver altar of Zin.
  2878 | D:4      | Found a sacrificial altar of Ru.
  2878 | D:4      | Noticed Ijyb
  2894 | D:4      | Killed Ijyb
  3031 | D:4      | Reached skill level 11 in Fighting
  3036 | D:4      | Noticed Sigmund
  3056 | D:4      | Killed Sigmund
  3056 | D:4      | Reached XP level 8. HP: 62/82 MP: 7/7
  3090 | D:4      | Noticed galech's ghost (amateur HuMo)
  3114 | D:4      | Killed galech's ghost
  3114 | D:4      | Reached skill level 12 in Fighting
  3287 | D:4      | Noticed Grinder
  3290 | D:4      | Paralysed by Grinder for 4 turns
  3303 | D:4      | Paralysed by Grinder for 5 turns
  3313 | D:4      | Paralysed by Grinder for 5 turns
  3325 | D:4      | Killed Grinder
  3811 | D:5      | Entered Level 5 of the Dungeon
  3885 | D:5      | Reached skill level 13 in Fighting
  4590 | D:6      | Reached XP level 9. HP: 94/94 MP: 8/8
  4651 | D:6      | Reached skill level 1 in Bows
  4904 | D:6      | Reached skill level 14 in Fighting
  4911 | D:6      | Found Baumen's Assorted Antiques.
  4920 | D:6      | Bought a distressingly furry chain mail for 228 gold pieces
  4924 | D:6      | Identified the +8 chain mail of the Onion {SInv} (You bought it in a shop on level 6 of the Dungeon)
  5612 | D:7      | Noticed Azzok's ghost (novice MiFi)
  6027 | D:6      | Reached skill level 5 in Bows
  6768 | D:7      | Killed Azzok's ghost
  7133 | D:7      | Found a burning altar of Makhleb.
  7148 | D:7      | Found a staircase to the Ecumenical Temple.
  7156 | Temple   | Entered the Ecumenical Temple
  7174 | Temple   | Became a worshipper of Warmaster Okawaru
  7518 | D:7      | Found a glowing golden altar of the Shining One.
  7637 | D:7      | Reached skill level 1 in Invocations
  7637 | D:7      | Reached XP level 10. HP: 103/103 MP: 0/9
  7977 | D:8      | Reached * piety under Okawaru
  8659 | D:8      | Found a staircase to the Lair.
  8763 | D:8      | Noticed Joseph
  8793 | D:8      | Killed Joseph
  8793 | D:8      | Reached skill level 10 in Bows
  9202 | D:9      | Noticed a two-headed ogre
  9214 | D:9      | HP: 2/103 [two-headed ogre/giant club (10)]
  9215 | D:9      | Killed a two-headed ogre
  9215 | D:9      | Reached ** piety under Okawaru
  9562 | D:9      | Noticed a two-headed ogre
  9585 | D:9      | Killed a two-headed ogre
  9585 | D:9      | Reached *** piety under Okawaru
  9611 | D:9      | Found a blossoming altar of Fedhas.
  9690 | D:9      | Reached skill level 5 in Invocations
  9712 | D:9      | Received a gift from Okawaru
  9721 | D:9      | Noticed a centaur warrior
  9753 | D:9      | Noticed Pikel
  9767 | D:9      | Killed Pikel
  9767 | D:9      | Reached XP level 11. HP: 85/110 MP: 13/13
  9813 | D:9      | Found Yskal's Distillery.
  9916 | D:9      | Reached **** piety under Okawaru
 10016 | D:9      | Noticed Maurice
 10090 | D:9      | Found a sparkling altar of Nemelex Xobeh.
 10339 | D:9      | Paralysed by a hornet for 1 turns
 10491 | D:10     | Entered Level 10 of the Dungeon
 10706 | D:10     | Found a staircase to the Orcish Mines.
 11155 | D:10     | Received a gift from Okawaru
 11618 | D:10     | Noticed Azzok's ghost (journeyman MiFi)
 11654 | D:10     | Killed Azzok's ghost
 11780 | D:11     | Noticed Fannar
 11801 | D:11     | Reached ***** piety under Okawaru
 11850 | D:11     | HP: 2/110 [Fannar/Ozocubu's Refrigeration (15)]
 11853 | D:11     | Killed from afar by Fannar

Vault maps used:
D:1:      lightli_arrival_isolated_outpost
D:2:      lemuel_round_altar, uniq_terence
D:3:      chequers_ecumenical_altar_island, first_ration, kennysheep_slug_shrine
D:4:      gammafunk_temple_overflow_pools, nicolae_ossuary_entry_plus,
          uniq_sigmund, uniq_grinder, uniq_ijyb
D:5:      kennysheep_six_static_rooms, nrook_mini_vaults, grunt_tough_drop
D:6:      serial_shops, shop
D:7:      minmay_temple_entry_grid, hangedman_feature_mirror, the_bakery
D:8:      erik_lair_orcish_takeover, st_stairs_6, uniq_joseph
D:9:      lemuel_round_altar, overflow_temple_1_default, serial_shops,
          nicolae_shop_waterfront, kennysheep_cluttered_room,
          lightli_corner_chamber, uniq_pikel, uniq_maurice
D:10:     orc_david_3
D:11:     uniq_fannar
Temple:   nicolae_temple_elliptical
Ossuary:  ossuary_minmay_scorpions

Skill      XL: |  1  2  3  4  5  6  7  8  9 10 11 |
---------------+----------------------------------+-----
Fighting       | 4 5 6 7 8 9 11 13 14 | 14.2
Bows           | 8 11 12 | 12.9
Invocations    | 1 5 6 |  6.8
Long Blades    | |  2.4
Armour         | |  3.6
Shields        | |  3.6

Action                   |  1- 3 |  4- 6 |  7- 9 | 10-12 || total
-------------------------+-------+-------+-------+-------++-------
Melee: Long sword        |    13 |       |       |       ||    13
       Headbutt          |     5 |    25 |    99 |    74 ||   203
       Hand axe          |    53 |    28 |       |       ||    81
       Short sword       |       |   109 |   447 |   385 ||   941
       Falchion          |       |       |    14 |    29 ||    43
 Fire: Shortbow          |       |       |       |   165 ||   165
Invok: Heroism           |       |       |       |     3 ||     3
  Use: Scroll            |       |     5 |     5 |     1 ||    11
       Potion            |       |       |     1 |     1 ||     2
  Eat: Chunk             |       |     3 |    12 |    14 ||    29
       Ration            |       |       |     2 |       ||     2
Armor: Scale mail        |    35 |    81 |   102 |       ||   218
       Chain mail        |       |       |    95 |   373 ||   468
Dodge: Dodged            |    25 |    39 |    90 |   146 ||   300
Block: Shield            |    41 |    75 |   201 |   235 ||   552
       Rpst.: Long sword |     3 |       |       |       ||     3
       Falchion          |       |       |       |     2 ||     2

Table legend:
 A = Spawn XP
 B = Non-spawn XP
 C = Spawn XP percentage of total XP
 D = Spawn monster count
 E = Non-spawn monster count
 F = Spawn count percentage of total count
 G = Total turns spent on level
                    A         B        C        D         E        F      G
               +---------+---------+-------+---------+---------+-------+---------
         Total |       0 |   16631 |   0.0 |       0 |     272 |   0.0 | 11853
               +---------+---------+-------+---------+---------+-------+---------
           D:1 |       0 |      20 |   0.0 |       0 |      12 |   0.0 |   546
           D:2 |       0 |      88 |   0.0 |       0 |      15 |   0.0 |   398
           D:3 |       0 |     181 |   0.0 |       0 |      26 |   0.0 |   722
           D:4 |       0 |    1058 |   0.0 |       0 |      22 |   0.0 |  1059
           D:5 |       0 |     716 |   0.0 |       0 |      23 |   0.0 |   962
           D:6 |       0 |    1218 |   0.0 |       0 |      30 |   0.0 |  1915
           D:7 |       0 |    2710 |   0.0 |       0 |      28 |   0.0 |  1636
           D:8 |       0 |    1407 |   0.0 |       0 |      29 |   0.0 |   840
           D:9 |       0 |    4202 |   0.0 |       0 |      26 |   0.0 |  1289
          D:10 |       0 |    3288 |   0.0 |       0 |      27 |   0.0 |  1271
          D:11 |       0 |     986 |   0.0 |       0 |       8 |   0.0 |    91
       Ossuary |       0 |     757 |   0.0 |       0 |      26 |   0.0 |  1088
               +---------+---------+-------+---------+---------+-------+---------
